General information
			
			
        
        - name: 2v2 obs #5 Canada Host
 
        - type: Custom game
 
        - host: Mr.Groove
 
        - saver: kunt.roII
 
        
map: TurtleRock 
        - players: 10
 
        - length: 22:56
 
        - speed: Fast
 - version: 1.22 W3XP
 - replay type:  Public
 
» download(310 KB)
Players
        team 1 (winner) 
              
              
Mr.Groove (
blue | 223 APM | 5124 actions | 22:56)
              
 4 Death Knight 
 2 Death Coil
 2 Unholy Aura
 4 Lich 
 2 Frost Nova
 2 Frost Armor
 
                » actions 
                
                | Assign group hotkey | 32 |  | 
| Basic commands | 105 |  | 
| Build / train | 65 |  | 
| ESC pressed | 8 |  | 
| Enter build submenu | 19 |  | 
| Enter hero's abilities submenu | 9 |  | 
| Give item / drop item | 10 |  | 
| Remove unit from queue | 1 |  | 
| Right click | 2639 |  | 
| Select / deselect | 620 |  | 
| Select group hotkey | 1478 |  | 
| Use ability | 138 |  | 
                5124 total
 » units 
                
                | Acolyte | 3 |  | 
| Ghoul | 3 |  | 
| Crypt Fiend | 12 |  | 
| Obsidian Statue | 6 |  | 
| Abomination | 1 |  | 
                25 total
 » upgrades
                
                | Creature Attack | 2 |  | 
| Burrow | 1 |  | 
| Backpack | 1 |  | 
| Destroyer Form | 1 |  | 
| Web | 1 |  | 
                6 total
 » buildings
                
                | Graveyard | 1 |  | 
| Crypt | 1 |  | 
| Altar of Darkness | 1 |  | 
| Ziggurat | 5 |  | 
| Tomb of Relics | 2 |  | 
| Nerubian Tower | 1 |  | 
| Halls of the Dead | 1 |  | 
| Slaughterhouse | 2 |  | 
| Black Citadel | 1 |  | 
                15 total
 » build order
                00:04 Graveyard
00:06 Crypt
00:29 Altar of Darkness
00:45 Ziggurat
00:58 Tomb of Relics
01:01 Tomb of Relics
01:50 Ziggurat
02:35 Nerubian Tower
03:49 Halls of the Dead
04:27 Ziggurat
08:07 Slaughterhouse
08:15 Ziggurat
09:53 Black Citadel
12:11 Slaughterhouse
20:31 Ziggurat
» items
                
                | Rod of Necromancy | 2 |  | 
| Sacrificial Skull | 2 |  | 
| Dust of Appearance | 1 |  | 
| Boots of Speed | 1 |  | 
| Potion of Healing | 3 |  | 
| Scroll of Town Portal | 2 |  | 
| Orb of Corruption | 1 |  | 
| Scroll of Healing | 4 |  | 
| Staff of Preservation | 1 |  | 
| Potion of Mana | 1 |  | 
| Potion of Lesser Invulnerability | 1 |  | 
| Lesser Clarity Potion | 1 |  | 
                20 total
  
               
              
              
noob[noob] (
purple | 250 APM | 5714 actions | 22:49)
              
 4 Warden 
 2 Shadow Strike
 2 Blink
 4 Pandaren Brewmaster 
 2 Breath of Fire
 2 Drunken Haze
 
                » actions 
                
                | Assign group hotkey | 938 |  | 
| Basic commands | 174 |  | 
| Build / train | 86 |  | 
| ESC pressed | 4 |  | 
| Enter build submenu | 19 |  | 
| Enter hero's abilities submenu | 8 |  | 
| Give item / drop item | 2 |  | 
| Right click | 1877 |  | 
| Select / deselect | 363 |  | 
| Select group hotkey | 2092 |  | 
| Use ability | 151 |  | 
                5714 total
 » units 
                
                | Wisp | 20 |  | 
| Archer | 7 |  | 
| Dryad | 8 |  | 
| Druid of the Claw | 9 |  | 
                44 total
 » upgrades
                
                | Improved Bows | 1 |  | 
| Druid of the Claw Training | 2 |  | 
| Strength of the Wild | 2 |  | 
| Reinforced Hides | 1 |  | 
| Mark of the Claw | 1 |  | 
| Abolish Magic | 1 |  | 
                8 total
 » buildings
                
                | Altar of Elders | 1 |  | 
| Moon Well | 8 |  | 
| Ancient of War | 1 |  | 
| Tree of Ages | 2 |  | 
| Hunter's Hall | 1 |  | 
| Ancient of Wonders | 1 |  | 
| Ancient of Lore | 2 |  | 
| Tree of Eternity | 4 |  | 
                20 total
 » build order
                00:05 Altar of Elders
00:18 Moon Well
00:40 Ancient of War
01:41 Moon Well
03:01 Tree of Ages
03:01 Tree of Ages
03:13 Moon Well
04:11 Hunter's Hall
04:12 Ancient of Wonders
05:33 Ancient of Lore
05:35 Ancient of Lore
06:59 Tree of Eternity
06:59 Tree of Eternity
07:00 Tree of Eternity
07:34 Moon Well
10:31 Moon Well
10:41 Moon Well
16:38 Moon Well
16:57 Moon Well
» items
                
                | Anti-magic Potion | 1 |  | 
| Orb of Venom | 2 |  | 
| Potion of Healing | 2 |  | 
| Staff of Preservation | 1 |  | 
                6 total
  
               team 2 (loser) 
              
              
kunt.roII (
red | 167 APM | 3830 actions | 22:56)
              
 5 Death Knight 
 3 Death Coil
 2 Unholy Aura
 5 Lich 
 3 Frost Nova
 2 Frost Armor
 3 Dreadlord 
 2 Sleep
 1 Vampiric Aura
 
                » actions 
                
                | Assign group hotkey | 63 |  | 
| Basic commands | 94 |  | 
| Build / train | 80 |  | 
| ESC pressed | 4 |  | 
| Enter build submenu | 21 |  | 
| Enter hero's abilities submenu | 13 |  | 
| Give item / drop item | 5 |  | 
| Remove unit from queue | 1 |  | 
| Right click | 1795 |  | 
| Select / deselect | 445 |  | 
| Select group hotkey | 1202 |  | 
| Use ability | 107 |  | 
                3830 total
 » units 
                
                | Acolyte | 9 |  | 
| Ghoul | 6 |  | 
| Crypt Fiend | 19 |  | 
| Frost Wyrm | 5 |  | 
                39 total
 » upgrades
                
                | Burrow | 1 |  | 
| Web | 1 |  | 
| Creature Attack | 2 |  | 
                4 total
 » buildings
                
                | Graveyard | 1 |  | 
| Crypt | 1 |  | 
| Altar of Darkness | 1 |  | 
| Ziggurat | 6 |  | 
| Tomb of Relics | 1 |  | 
| Nerubian Tower | 1 |  | 
| Halls of the Dead | 2 |  | 
| Black Citadel | 1 |  | 
| Sacrificial Pit | 1 |  | 
| Boneyard | 1 |  | 
| Necropolis | 2 |  | 
                18 total
 » build order
                00:08 Graveyard
00:11 Crypt
00:42 Altar of Darkness
00:56 Ziggurat
01:23 Tomb of Relics
02:01 Ziggurat
03:52 Nerubian Tower
04:00 Halls of the Dead
04:00 Halls of the Dead
04:39 Ziggurat
07:29 Black Citadel
07:39 Sacrificial Pit
07:42 Ziggurat
10:58 Boneyard
13:08 Ziggurat
13:09 Ziggurat
15:58 Necropolis
16:31 Necropolis
» items
                
                | Rod of Necromancy | 3 |  | 
| Dust of Appearance | 1 |  | 
| Potion of Healing | 2 |  | 
| Scroll of Town Portal | 1 |  | 
| Potion of Lesser Invulnerability | 1 |  | 
| Scroll of Protection | 4 |  | 
| Scroll of Healing | 1 |  | 
| Orb of Corruption | 2 |  | 
| Circlet of Nobility | 1 |  | 
                16 total
  
               
              
              
MrFrosty (
teal | 129 APM | 2963 actions | 22:56)
              
 4 Archmage 
 2 Summon Water Elemental
 2 Brilliance Aura
 5 Mountain King 
 3 Storm Bolt
 2 Bash
 
                » actions 
                
                | Assign group hotkey | 39 |  | 
| Basic commands | 130 |  | 
| Build / train | 80 |  | 
| ESC pressed | 1 |  | 
| Enter build submenu | 20 |  | 
| Enter hero's abilities submenu | 9 |  | 
| Give item / drop item | 6 |  | 
| Right click | 1424 |  | 
| Select / deselect | 521 |  | 
| Select group hotkey | 625 |  | 
| Use ability | 108 |  | 
                2963 total
 » units 
                
                | Peasant | 13 |  | 
| Footman | 9 |  | 
| Priest | 4 |  | 
| Sorceress | 1 |  | 
| Spell Breaker | 12 |  | 
| Mortar Team | 9 |  | 
                48 total
 » upgrades
                » buildings
                
                | Altar of Kings | 1 |  | 
| Farm | 11 |  | 
| Barracks | 1 |  | 
| Keep | 1 |  | 
| Scout Tower | 1 |  | 
| Arcane Vault | 2 |  | 
| Arcane Tower | 1 |  | 
| Arcane Sanctum | 1 |  | 
| Blacksmith | 1 |  | 
| Workshop | 1 |  | 
| Town Hall | 1 |  | 
| Castle | 1 |  | 
                23 total
 » build order
                00:06 Altar of Kings
00:09 Farm
00:15 Barracks
01:05 Farm
01:44 Farm
02:38 Keep
02:58 Scout Tower
03:00 Farm
03:26 Arcane Vault
04:35 Arcane Vault
04:36 Arcane Tower
06:07 Arcane Sanctum
07:37 Blacksmith
08:10 Farm
08:12 Farm
08:16 Farm
08:55 Workshop
09:44 Farm
12:45 Farm
14:06 Town Hall
20:15 Castle
20:47 Farm
20:48 Farm
» items
                
                | Rod of Necromancy | 1 |  | 
| Scroll of Regeneration | 3 |  | 
| Potion of Healing | 4 |  | 
| Scroll of Town Portal | 4 |  | 
| Scroll of Healing | 1 |  | 
| Potion of Lesser Invulnerability | 1 |  | 
| Scroll of Protection | 1 |  | 
| Lesser Clarity Potion | 1 |  | 
                16 total
  
               observersIshamal, 
X[i]a0[D]es, 
irekon, 
Uscrub, 
fried.day, 
Astynax Chat log
          (00:15 / All) kunt.roII: lmao
(00:33 / All) noob[noob]: playing with 200ms and im still
(00:36 / All) kunt.roII: bad
(00:37 / All) noob[noob]: gonna
(00:41 / All) noob[noob]: fucking own u
(00:43 / All) noob[noob]: noob
(00:44 / All) MrFrosty: 200 ms wow thats exactly how it is everygame for me
(00:46 / All) kunt.roII: loloololol
(01:54 / All) kunt.roII: get out noob
(13:30 / All) kunt.roII: ur good purple
(13:41 / All) kunt.roII: blue carry u all game
(19:56 / All) noob[noob]: omg still no web
(19:58 / All) noob[noob]: my partner 
(19:59 / All) kunt.roII: o mg
(20:01 / All) kunt.roII: blame ur ally
(20:02 / All) kunt.roII: lmao
(20:22 / All) noob[noob]: 2 stuck fiend
(20:32 / All) kunt.roII: u had hero stuck moron
(21:59 / All) noob[noob]: ii did what i could
(22:04 / All) kunt.roII: yea but u suck
(22:09 / All) noob[noob]: shit partner he lsot so many fiend
(22:15 / All) noob[noob]: he use them as meat
(22:17 / All) kunt.roII: u lost so many bears
(22:18 / All) noob[noob]: u stfu kid
(22:22 / All) kunt.roII: cause u did nothing useful with them 
(22:26 / All) noob[noob]: cant do shit
(22:29 / All) noob[noob]: no web lmao
(22:30 / All) kunt.roII: when u suck
(22:32 / All) kunt.roII: its hard to do anything
(22:35 / All) kunt.roII: vs decent players
(22:40 / All) noob[noob]: lmao
(22:44 / All) noob[noob]: like ur decent
(22:48 / All) noob[noob]: u freaken suck noob
(22:49 / All) kunt.roII: like u dont suck :)